 Dungeon Crawl Stone Soup version 0.30-a0-739-gea05faddec (webtiles) character file.

Game seed: 9470594977056326068

34585 sokol815 the Carver (level 13, -2/117 HPs)
             Began as a Demigod Gladiator on Feb 4, 2023.
             Slain by a reaper
             ... wielding a +4 scythe of freezing
              (29 damage)
             ... in an ice cave.
             The game lasted 00:41:19 (16163 turns).

sokol815 the Carver (Demigod Gladiator)            Turns: 16163, Time: 00:41:20

Health: -2/117     AC: 11    Str: 15    XL:     13   Next: 13%
Magic:  16/16      EV: 22    Int: 10    God:
Gold:   1702       SH:  0    Dex: 37    Spells: 12/12 levels left

rFire   . . .      SeeInvis .    a - +7 Throatcutter {drain, coup de grace}
rCold   + + .      Faith    .    (no shield)
rNeg    . . .      Spirit   .    u - +1 scale mail {rC+}
rPois   .          Reflect  .    S - +1 helmet
rElec   .          Harm     .    (no cloak)
rCorr   .          Rampage  .    O - +0 pair of gloves
Will    +....                    j - +0 pair of boots
Stlth   ++                       i - amulet of the acrobat
HPRegen 0.39/turn                h - +6 ring of dexterity
MPRegen 0.15/turn                C - ring of protection from cold {rC+, !d}

@: no status effects
A: high MP 1, forlorn, divine attributes
a: no special abilities


You were in an ice cave.
You visited 2 branches of the dungeon, and saw 15 of its levels.
You also visited: Sewer and Ice Cave.

You collected 1702 gold pieces.

Inventory:

Hand Weapons
 a - the +7 Throatcutter (weapon) {drain, coup de grace}
   (You found it on level 5 of the Dungeon)
 c - a +1 broad axe of flaming
   (You took it off Maggie on level 6 of the Dungeon)
 e - a +5 trident
   (You took it off a wight on level 4 of the Dungeon)
 l - a +3 longbow of flaming
   (You took it off Nessos on level 4 of the Lair of Beasts)
 x - a +1 sling of draining
   (You found it on level 5 of the Dungeon)
Missiles
 b - 4 curare-tipped darts
 f - 36 poisoned darts
 g - 4 atropa-tipped darts
 t - 5 throwing nets {!d}
 w - 9 boomerangs
 A - 2 datura-tipped darts
Armour
 j - a +0 pair of boots (worn)
   (You found it on level 3 of the Dungeon)
 m - the +2 scale mail "Qek Ufa" {rElec rF+ rCorr}
   (You found it on level 4 of the Lair of Beasts)

   rF:        It protects you from fire.
   rElec:     It insulates you from electricity.
   rCorr:     It protects you from acid and corrosion.
 u - a +1 scale mail of cold resistance (worn)
   (You found it in an ice cave)
 D - +0 swamp dragon scales
   (You took it off Maggie on level 6 of the Dungeon)
 O - a +0 pair of gloves (worn)
   (You found it on level 7 of the Dungeon)
 S - a +1 helmet (worn)
   (You found it on level 8 of the Dungeon)
Jewellery
 h - a +6 ring of dexterity (left hand)
   (You found it on level 2 of the Dungeon)
 i - an amulet of the acrobat (around neck)
   (You found it on level 3 of the Dungeon)
 n - a +6 ring of dexterity
   (You found it on level 10 of the Dungeon)
 C - a ring of protection from cold (right hand) {rC+, !d}
   (You took it off a kobold demonologist on level 9 of the Dungeon)
 F - a ring of protection from fire {rF+, !d}
   (You found it on level 3 of the Dungeon)
 V - a ring of see invisible {sInv, !d}
   (You found it on level 2 of the Lair of Beasts)
 W - an amulet of magic regeneration
   (You found it in an ice cave)
 Z - a ring of wizardry {Wiz+, !d}
   (You found it on level 9 of the Dungeon)
Wands
 d - a wand of digging (6)
   (You found it on level 8 of the Dungeon)
 p - a wand of paralysis (9)
   (You took it off Maggie on level 6 of the Dungeon)
 q - a wand of flame (1)
   (You found it on level 9 of the Dungeon)
 r - a wand of roots (27)
   (You took it off Pikel on level 4 of the Dungeon)
 s - a wand of quicksilver (7)
   (You found it on level 6 of the Dungeon)
 y - a wand of mindburst (17)
   (You found it in an ice cave)
Scrolls
 k - 2 scrolls of brand weapon
 o - a scroll of vulnerability {!r!r}
 v - 2 scrolls of fog
 z - 4 scrolls of enchant armour
 E - a scroll of fear
 K - 2 scrolls of immolation {!r}
 X - 2 scrolls of magic mapping {@r4!r}
 Y - 9 scrolls of teleportation {@r3}
Potions
 B - 6 potions of cancellation
 G - 2 potions of ambrosia {!q}
 H - a potion of haste
 I - a potion of invisibility
 J - 2 potions of curing {@q1}
 L - 6 potions of flight
 M - a potion of might
 N - 5 potions of heal wounds {@q2}
 P - 2 potions of lignification {!q}
 Q - 2 potions of attraction {!q}
 R - a potion of resistance
 T - a potion of berserk rage {!q}
 U - 3 potions of mutation {!q}


   Skills:
 + Level 11.9 Fighting
 - Level 14.0 Long Blades
 - Level 1.7 Throwing
 + Level 12.0 Dodging
 * Level 1.1 Stealth


You had 12 spell levels left.
You didn't know any spells.
Your spell library contained the following spells:

 Spells                   Type           Power      Damage    Failure   Level
 Summon Small Mammal      Summ           0%         N/A       85%         1
 Cigotuvi's Dreadful Rot  Necr/Pois/Air  0%         N/A       94%         2
 Sublimation of Blood     Necr           0%         N/A       94%         2
 Wereblood                Tmut           0%         N/A       94%         2
 Call Canine Familiar     Summ           0%         N/A       99%         3
 Frozen Ramparts          Ice            0%         1d1       99%         3
 Portal Projectile        Hex/Tloc       0%         N/A       99%         3
 Summon Guardian Golem    Hex/Summ       0%         N/A       99%         3
 Dispel Undead            Necr           0%         3d6       100%        4
 Ice Form                 Ice/Tmut       0%         N/A       100%        4
 Leda's Liquefaction      Hex/Erth       0%         N/A       100%        4
 Passage of Golubria      Tloc           0%         N/A       100%        4
 Summon Ice Beast         Ice/Summ       0%         N/A       100%        4
 Silence                  Hex/Air        0%         N/A       100%        5
 Death Channel            Necr           0%         N/A       100%        6
 Summon Hydra             Summ           0%         N/A       100%        7
 Lehudib's Crystal Spear  Conj/Erth      0%         10d2      100%        8


Dungeon Overview and Level Annotations

Branches:
Dungeon (10/15) Zot: 26218  Temple (0/1) D:4            Lair (5/5) D:9 Zot: 25617
 Shoals (0/4) Lair:3       Spider (0/4) Lair:2        Slime (0/5) Lair:4
    Orc (0/2) D:10          Sewer (visited)           IceCv (1/1) Zot: 5141

Shops:
D:8 *   D:10 =

Annotations:
D:8 1 runed translucent door, sirJeffrey23's ghost, novice GrFi
D:9 3 transporters, Legacy's ghost, novice MiBe
Lair:2 1 runed translucent door, browni3141's ghost, novice FeNe
Lair:3 1 runed translucent door, Beavis's ghost, journeyman DsFE IceCv exclusion: simulacrum


Innate Abilities, Weirdness & Mutations

You have an increased reservoir of magic. (+10% MP)
You shall have no god before yourself.
Your divine heritage dramatically boosts your attributes as you level up.


Message History

You slash the death yak simulacrum! The death yak simulacrum gores you!
The death yak simulacrum freezes you! You resist.
You take 33 damage, and have 60/117 hp.
MASSIVE DAMAGE!!
You slash the death yak simulacrum! You slash the death yak simulacrum!
You start resting.
A white imp is nearby!
You regained 16 hp, and now have 77/117 hp.
The white imp gestures at you. The puff of frost misses you.
You start resting.
A white imp is nearby!
The white imp completely misses you.
You slash the white imp!
You kill the white imp!
You start resting.
Health restored: 117 An ice statue comes into view.
You start removing your armour.
You continue taking off the +2 scale mail "Qek Ufa" {rElec rF+ rCorr}. x4
You finish taking off the +2 scale mail "Qek Ufa" {rElec rF+ rCorr}.
You start putting on your armour.
You continue putting on your +1 scale mail of cold resistance. x5
You finish putting on your +1 scale mail of cold resistance.
You feel resistant to cold.
Really walk into a travel-excluded area?
The ice statue gestures at you. The freezing blast misses you.
You hit the ice statue.
You are engulfed in freezing vapours.
You resist.
You hit the ice statue but do no damage.
You are engulfed in freezing vapours.
You resist. The ice statue gestures at you. The freezing blast engulfs you.
You resist.
You take 8 damage, and have 109/117 hp.
You slice the ice statue!!
You are engulfed in freezing vapours.
You resist.
You take 5 damage, and have 104/117 hp.
You hit the ice statue but do no damage.
You hit the ice statue but do no damage.
You barely miss the ice statue.
You hit the ice statue but do no damage.
The ice statue gestures at you. The bolt of cold hits you. You resist.
You take 2 damage, and have 103/117 hp.
You hit the ice statue.
You hit the ice statue but do no damage.
The ice statue gestures.
You hit the ice statue.
The ice statue gestures.
You barely miss the ice statue. You slice the ice statue!!
The ice statue gestures at you. The bolt of cold misses you.
The bolt of cold hits the ice beast.
The ice beast completely resists.
The ice beast completely misses you.
You hit the ice statue but do no damage.
The ice beast closely misses you.
You slash the ice statue!
You punch the ice statue, but do no damage.
The ice beast closely misses you.
You hit the ice statue.
The ice beast hits you but does no damage.
The ice beast completely misses you.
You slice the ice statue!!
You destroy the ice statue!
The ice beast disappears in a puff of smoke! x2
W - an amulet of magic regeneration You see here a +0 bardiche of freezing.
You can't carry that many items. 5 simulacra, a reaper, an ice devil and a white imp come into view.
The reaper is wielding a +4 scythe of freezing.
Health restored: 117 The ice devil attacks as you move away!
The ice devil completely misses you.
You barely miss the ice devil. The ice devil closely misses you.
You slash the ice devil! You slash the ice devil!
The ice devil hits you but does no damage.
You hit the ice devil but do no damage.
You behead the ice devil!
You kill the ice devil!
Your Stealth skill increases to level 1!
You hit the reaper but do no damage. You slash the reaper!
The reaper hits you with a +4 scythe of freezing!!!
The reaper freezes you.
Something shouts, "Despond, thou artless hedge-born bounder!"
You take 43 damage, and have 74/117 hp.
MASSIVE DAMAGE!!
You hit the reaper but do no damage.
The reaper hits you with a +4 scythe of freezing!!
The reaper freezes you.
You take 26 damage, and have 48/117 hp.
MASSIVE DAMAGE!!
You slash the reaper! You slash the reaper! The reaper beckons to you.
The reaper hits you with a +4 scythe of freezing!!
* * * LOW HITPOINT WARNING * * *
You take 22 damage, and have 26/117 hp.
You barely miss the reaper.
The reaper hits you with a +4 scythe of freezing!!
You die...

#.## #..#
#####..# #..##
##.####.####.#
##..###..#
#)..##..#
#...#..##
#...##.##
##.....#
#......#
#.⌠..##
##.#..##
#...##
##.##### ##..#
#.##.## ##..
##@#.2# .##.
##2#...Z..# #
.# #.#4ZZZ#$)
# .###..Z# .#
#5## ## ##


You could see a reaper.

Vanquished Creatures
  Nessos (Lair:4)
  Snorg (Lair:3)
  Josephine (Lair:4)
  2 two-headed ogres
  2 catoblepae
  2 death yaks (Lair:3)
  Pikel (D:4)
  A lindwurm (Lair:3)
  13 elephants
  2 merfolk sirens (Lair:3)
  An ice statue (IceCv)
  3 black mambas
  7 cane toads
  6 komodo dragons
  Maggie (D:6)
  A kobold demonologist (D:9)
  5 rime drakes
  An anaconda simulacrum (IceCv)
  A troll (D:9)
  2 ice devils (IceCv)
  2 polar bears (Lair:5)
  A hornet (Lair:2)
  4 blink frogs (Lair:4)
  A merfolk (Lair:3)
  Grinder (D:4)
  A shadow (D:9)
  2 vampires
  A dire elephant simulacrum (IceCv)
  5 wraiths
  27 yaks
  A basilisk (Lair:3)
  5 wyverns
  Eustachio (D:6)
  2 death yak simulacra (IceCv)
  3 redbacks (Lair:2)
  A harpy simulacrum (IceCv)
  3 steam dragons
  6 water moccasins
  2 ice beasts
  2 black bears
  3 orc warriors
  A sky beast (D:8)
  6 wolves
  3 ogres
  2 centaurs
  4 lemures
  2 phantoms
  9 kobold brigands
  Blork the orc (D:4)
  A necrophage (D:7)
  9 bullfrogs
  4 two-headed ogre simulacra (IceCv)
  2 cane toad simulacra (IceCv)
  3 scorpions
  5 wights
  An electric eel (Lair:3)
  11 howler monkeys
  2 jellies
  A hound (D:4)
  3 orc priests
  2 gnoll boudas
  5 iguanas
  18 orc wizards
  7 troll simulacra (IceCv)
  A sickly merfolk siren (Sewer)
  2 wolf simulacra (IceCv)
  A malarious merfolk avatar (Sewer)
  7 spriggan simulacra (IceCv)
  13 gnolls
  3 naga simulacra (IceCv)
  12 adders
  A river rat (Sewer)
  8 white imps
  6 ufetubi
  A worm (D:4)
  3 dart slugs (D:1)
  27 orcs
  12 bats
  5 endoplasms
  6 giant cockroaches
  8 goblins
  6 hobgoblins
  5 jackals
  10 kobolds
  4 quokkas
  11 ball pythons
  10 frilled lizards
  30 rats
422 creatures vanquished.

Vanquished Creatures (others)
  2 fungi
  7 plants
  A withered plant (D:8)
10 creatures vanquished.

Grand Total: 432 creatures vanquished

Notes
Turn   | Place    | Note
-------+----------+-------------------------------------------
     0 | D:1      | sokol815 the Demigod Gladiator began the quest for the Orb.
     0 | D:1      | Reached XP level 1. HP: 17/17 MP: 3/3
   126 | D:1      | Reached skill level 2 in Fighting
   126 | D:1      | Reached skill level 3 in Long Blades
   141 | D:1      | Reached XP level 2. HP: 24/24 MP: 4/4
   355 | D:1      | Reached skill level 3 in Dodging
   440 | D:1      | Reached XP level 3. HP: 28/29 MP: 5/5
  1095 | D:2      | Reached XP level 4. HP: 24/37 MP: 3/6
  1707 | D:3      | Reached skill level 4 in Long Blades
  1851 | D:3      | Found a glowing drain.
  1865 | Sewer    | Entered a sewer
  2009 | Sewer    | Reached XP level 5. HP: 44/44 MP: 7/7
  2020 | Sewer    | Reached skill level 3 in Fighting
  2550 | D:4      | Reached skill level 5 in Long Blades
  2550 | D:4      | Reached XP level 6. HP: 46/51 MP: 8/8
  2614 | D:4      | Reached skill level 4 in Dodging
  2839 | D:4      | Noticed Blork the orc
  2852 | D:4      | Killed Blork the orc
  2950 | D:4      | Found a staircase to the Ecumenical Temple.
  3046 | D:4      | Noticed Grinder
  3058 | D:4      | Killed Grinder
  3059 | D:4      | Reached skill level 4 in Fighting
  3059 | D:4      | Reached skill level 6 in Long Blades
  3059 | D:4      | Reached XP level 7. HP: 26/59 MP: 9/9
  3224 | D:4      | HP: 13/59 [wight/+5 trident (5)]
  3225 | D:4      | HP: 3/58 [wight/+5 trident (8)]
  3231 | D:4      | HP: 13/55 [wight/+5 trident (11)]
  3682 | D:4      | Noticed Pikel
  3830 | D:4      | HP: 15/60 [constriction (4)]
  3832 | D:4      | HP: 7/60 [constriction (2)]
  3833 | D:4      | Killed Pikel
  3834 | D:4      | Reached skill level 5 in Fighting
  3834 | D:4      | Reached skill level 7 in Long Blades
  3834 | D:4      | Reached skill level 5 in Dodging
  3834 | D:4      | Reached XP level 8. HP: 9/68 MP: 10/10
  3852 | D:3      | HP: 11/68 [scorpion (1)]
  4583 | D:5      | Entered Level 5 of the Dungeon
  5157 | D:5      | Reached skill level 8 in Long Blades
  5214 | D:5      | Identified a scroll of acquirement
  5214 | D:5      | Acquired 801 gold pieces
  5323 | D:5      | Identified the +10 mace of Okawaru's Wrath {protect, rPois}
  5345 | D:5      | Found the +7 Throatcutter {drain, coup de grace}
  5363 | D:5      | Reached skill level 6 in Dodging
  5389 | D:5      | Reached XP level 9. HP: 51/75 MP: 11/11
  5572 | D:5      | Reached skill level 6 in Fighting
  6128 | D:6      | Noticed Eustachio
  6131 | D:6      | Noticed Maggie
  6135 | D:6      | Killed Eustachio
  6136 | D:6      | Reached skill level 9 in Long Blades
  6143 | D:6      | Killed Maggie
  6980 | D:7      | Reached skill level 7 in Dodging
  7552 | D:7      | Reached skill level 10 in Long Blades
  7663 | D:7      | Reached skill level 7 in Fighting
  7916 | D:8      | Reached XP level 10. HP: 75/86 MP: 13/13
  8006 | D:8      | Found Buopalah's Assorted Antiques.
  8761 | D:8      | Found a runed translucent door.
  8762 | D:8      | Noticed sirJeffrey23's ghost (novice GrFi)
  8829 | D:9      | Noticed a two-headed ogre
  8833 | D:9      | Killed a two-headed ogre
  9174 | D:9      | HP: 22/88 [bullfrog (4)]
  9175 | D:9      | Reached skill level 11 in Long Blades
  9175 | D:9      | Reached skill level 8 in Dodging
  9312 | D:9      | Noticed a catoblepas
  9318 | D:9      | Killed a catoblepas
  9319 | D:9      | Reached skill level 8 in Fighting
  9556 | D:9      | Found a staircase to the Lair.
  9647 | D:9      | Noticed a cyclops
  9756 | D:9      | Found a transporter.
  9757 | D:9      | Found a transporter.
  9757 | D:9      | Noticed Legacy's ghost (novice MiBe)
  9757 | D:9      | Noticed a two-headed ogre
  9764 | D:9      | Noticed a tengu warrior
  9764 | D:9      | Noticed a moth of wrath
  9942 | D:9      | Found a transporter.
 10009 | D:10     | Entered Level 10 of the Dungeon
 10115 | D:10     | Found a staircase to the Orcish Mines.
 10202 | D:10     | Noticed a two-headed ogre
 10213 | D:10     | Killed a two-headed ogre
 10214 | D:10     | Reached XP level 11. HP: 58/95 MP: 14/14
 10623 | D:10     | Found Onobreco's Jewellery Boutique.
 10798 | Lair:1   | Entered Level 1 of the Lair of Beasts
 10804 | Lair:1   | Reached skill level 12 in Long Blades
 10988 | Lair:1   | Reached skill level 9 in Dodging
 11913 | Lair:2   | Reached skill level 9 in Fighting
 11998 | Lair:2   | Found a hole to the Spider Nest.
 12060 | Lair:2   | Found a runed translucent door.
 12061 | Lair:2   | Noticed browni3141's ghost (novice FeNe)
 12106 | Lair:2   | Reached skill level 13 in Long Blades
 12506 | Lair:2   | HP: 20/97 [komodo dragon (14)]
 13109 | Lair:3   | Noticed a lindwurm
 13122 | Lair:3   | Killed a lindwurm
 13251 | Lair:3   | Reached XP level 12. HP: 87/106 MP: 15/15
 13376 | Lair:3   | Found a staircase to the Shoals.
 13407 | Lair:3   | Reached skill level 10 in Dodging
 13482 | Lair:3   | Found a runed translucent door.
 13494 | Lair:3   | Noticed Beavis's ghost (journeyman DsFE)
 13590 | Lair:3   | Noticed Snorg
 13604 | Lair:3   | Killed Snorg
 13683 | Lair:3   | Reached skill level 10 in Fighting
 13689 | Lair:3   | Reached skill level 14 in Long Blades
 14349 | Lair:4   | Reached skill level 11 in Dodging
 14372 | Lair:4   | Identified the +2 scale mail "Qek Ufa" {rElec rF+ rCorr}
 14602 | Lair:4   | Noticed a catoblepas
 14613 | Lair:4   | Found a staircase to the Slime Pits.
 14614 | Lair:4   | Killed a catoblepas
 14615 | Lair:4   | Reached skill level 11 in Fighting
 14660 | Lair:4   | Noticed Nessos
 14667 | Lair:4   | Killed Nessos
 14859 | Lair:4   | Noticed Josephine
 14872 | Lair:4   | Killed Josephine
 15051 | Lair:5   | Entered Level 5 of the Lair of Beasts
 15098 | Lair:5   | Found a frozen archway.
 15134 | Lair:5   | Reached XP level 13. HP: 81/116 MP: 16/16
 15269 | IceCv    | Entered an ice cave
 15903 | IceCv    | Reached skill level 12 in Dodging
 16150 | IceCv    | Noticed a reaper
 16158 | IceCv    | Reached skill level 1 in Stealth
 16162 | IceCv    | HP: 26/117 [reaper/+4 scythe of freezing (22)]
 16163 | IceCv    | Slain by a reaper

Illustrated notes

Levels and vault maps discovered:
D:1:      dpeg_arrival_prison, layout_loops_ring
D:2:      layout_loops_cross, minmay_misc_feat_encased
D:3:      layout_basic, portal_sewer_entry_b
D:4:      layout_basic, minmay_temple_entry_poolview, corexii_corridor_pit,
          uniq_blork_the_orc, uniq_grinder, uniq_pikel
D:5:      nicolae_cairo_tiling_very_big, layout_loops_ring,
          nicolae_overflow_hallway_of_the_gods, dilly_guarded_unrand_throatcut
D:6:      layout_basic, marbit_many_paths, uniq_maggie, uniq_eustachio
D:7:      layout_basic
D:8:      layout_loops_ring, nicolae_overflow_crystal_walls,
          lemuel_coloured_pillars_altar, serial_shops,
          nicolae_shop_hallway_plus, gammafunk_ghost_grave
D:9:      gammafunk_beogh_shrine, layout_basic, tso_metal_star,
          lair_entry_dummy, gammafunk_ghost_wrathful_warriors,
          minmay_strange_pillars, minmay_increasing_density
D:10:     minmay_flawed_box, layout_long_grid, orc_0_dummy, serial_shops, shop
Lair:1:   layout_small_grid, grunt_megastairs_2
Lair:2:   beast_lair_carwin_large_2, layout_gridlike, spider_nest_entry_webs,
          ebering_ghost_reflecting_pool, lemuel_fruit_tree
Lair:3:   layout_hall_layers, elwin_shoals_entry_rooms,
          ebering_ghost_reflecting_pool, serial_bayou_shore_b,
          grunt_megastairs_4, uniq_snorg
Lair:4:   layout_roguey, slime_entry_1, serial_bayou_pond_a,
          beast_lair_carwin_6, uniq_josephine, uniq_nessos
Lair:5:   minmay_lair_end_enchanted_forest, layout_regular_city,
          portal_ice_cave_entry_animals_and_master, serial_bayou_shore_b,
          serial_bayou_shore_a
IceCv:    ice_cave_caverns_01

Skill      XL: |  1  2  3  4  5  6  7  8  9 10 11 12 13 |
---------------+----------------------------------------+-----
Fighting       | 2 3 4 5 7 8 9 11 | 11.9
Long Blades    | 3 4 5 6 7 8 10 11 13 14 | 14.0
Dodging        | 3 4 5 6 7 8 9 11 12 | 12.0
Stealth        | 1 |  1.1
Throwing       | |  1.7

Action                     |  1- 3 |  4- 6 |  7- 9 | 10-12 | 13-15 || total
---------------------------+-------+-------+-------+-------+-------++-------
  Melee: Long sword        |   122 |    13 |   107 |   504 |   121 ||   867
         Punch             |     1 |     5 |     5 |    15 |     2 ||    28
         Falchion          |       |   199 |   140 |       |       ||   339
         Mace              |       |       |    42 |       |       ||    42
  Throw: Javelin           |     1 |     1 |       |       |       ||     2
         Stone             |       |     1 |       |       |       ||     1
         Dart              |       |     6 |     5 |       |       ||    11
  Evoke: Wand              |       |       |       |     9 |       ||     9
    Use: Scroll            |       |     6 |    12 |     7 |     1 ||    26
         Potion            |       |     1 |     3 |       |       ||     4
   Stab: Sleeping          |     2 |     7 |     4 |     6 |       ||    19
         Distracted        |       |       |     2 |     1 |       ||     3
 Armour: Leather armour    |    46 |    40 |    47 |       |       ||   133
         Swamp dragon scal |       |       |    17 |    64 |     1 ||    82
         Scale mail        |       |       |       |       |    19 ||    19
  Dodge: Dodged            |    99 |   173 |   246 |   375 |    74 ||   967

Table legend: (Time is in decaauts)
 A = Elapsed time spent in this place.
 B = Non-inter-level travel time spent in this place.
 C = Inter-level travel time spent in this place.
 D = Time resting spent in this place.
 E = Time spent auto-exploring this place.
 F = Levels seen in this place.
 G = Mean time per level.
                   A        B        C        D        E       F      G
               +--------+--------+--------+--------+--------+-----+--------+
         Total |  16120 |  15197 |    923 |   1688 |  10477 |  17 |  948.2 |
       Dungeon |  10474 |   9645 |    829 |    811 |   6896 |  10 | 1047.4 |
          Lair |   4382 |   4289 |     93 |    574 |   3061 |   5 |  876.4 |
         Sewer |    404 |    404 |      0 |      7 |    144 |   1 |  404.0 |
      Ice Cave |    858 |    858 |      0 |    296 |    376 |   1 |  858.0 |
               +--------+--------+--------+--------+--------+-----+--------+

Top non-repeatable levels by time:
     D:4: 1363 daAuts
     D:5: 1313 daAuts
     D:3: 1295 daAuts
  Lair:2: 1290 daAuts
     D:9: 1194 daAuts
  Lair:3: 1179 daAuts
     D:6: 1028 daAuts
  Lair:1: 983 daAuts
     D:8: 953 daAuts
     D:7: 916 daAuts
     D:1: 895 daAuts
   IceCv: 858 daAuts
     D:2: 783 daAuts
    D:10: 732 daAuts
  Lair:4: 728 daAuts

Table legend:
 A = Kills in this place as a percentage of kills in entire the game.
 B = Kills by you in this place as a percentage of kills by you in the entire game.
 C = Kills by friends in this place as a percentage of kills by friends in the entire game.
 D = Other kills in this place as a percentage of other kills in the entire game.
 E = Experience gained in this place as a percentage of experience gained in the entire game.
 F = Experience gained in this place divided by the number of levels of this place that you have seen.
                   A       B       C       D       E      F
               +-------+-------+-------+-------+-------+----------------------
         Total | 100.0 | 100.0 |   N/A |   N/A | 100.0 | 2906.4
       Dungeon |  55.5 |  55.5 |   N/A |   N/A |  28.5 | 1408.4
          Lair |  24.6 |  24.6 |   N/A |   N/A |  64.4 | 6362.4
         Sewer |   9.8 |   9.8 |   N/A |   N/A |   0.3 | 167.0
      Ice Cave |  10.0 |  10.0 |   N/A |   N/A |   6.8 | 3345.0
               +-------+-------+-------+-------+-------+----------------------
